[Event "Titled Tuesday Blitz April 19 Late 2022"]
[White "Sernecki, Franciszek"]
[Black "Ivanisevic, Ivan"]
[WhiteFideId "1169297"]
[BlackFideId "912417"]
[WhiteElo "2165"]
[BlackElo "2495"]
[Result "0-1"]
[Round "09"]
[TimeControl "180+1"]
[Date "2022.04.19"]
[WhiteClock "0:00:02"]
[BlackClock "0:00:07"]

1. d4 d5 2. c4 e6 3. Nf3 Nf6 4. Nc3 Nbd7 5. e3 a6 6. b3 b6 7. Bb2 Bb7 8. Bd3 Bd6 9. O-O O-O 10. a4 Ne4 11. a5 f5 12. axb6 cxb6 13. cxd5 exd5 14. Ne2 Qe7 15. Ng3 b5 16. Qe2 Rae8 17. Rac1 f4 18. exf4 Rxf4 19. Rce1 Qf8 20. Bxe4 dxe4 21. Ne5 Nxe5 22. dxe5 Bc5 23. Nh5 Rf7 24. Rc1 Bb6 25. Rc3 Re6 26. Rg3 h6 27. Nf6+ Kh8 28. Ng4 Rf4 29. Ne3 Qf7 30. Qd2 h5 31. Rc1 Kh7 32. Rh3 h4 33. Qe2 Rg6 34. g3 Qe6 35. Kg2 Kg8 36. Qh5 Rh6 37. Qg5 Rf3 38. Rxh4 Bxe3 39. fxe3 Rxh4 40. Qxh4 Qf5 41. Qd8+ Kh7 42. Qh4+ Kg6 43. Rc2 Rxe3 44. Qf4 Qxf4 45. gxf4 Rxb3 46. Kf2 e3+ 47. Ke1 Kf5 48. Rc7 Bf3 49. Rf7+ Ke4 50. e6 Rxb2 51. e7 Rb1# 0-1


[Site "https://www.chess.com"]

[Event "Titled Tuesday Blitz April 19 Late 2022"]
[White "Shimanov, Aleksandr"]
[Black "Koelle, Tobias"]
[WhiteFideId "4198603"]
[BlackFideId "16207378"]
[WhiteElo "2636"]
[BlackElo "2541"]
[Result "0-1"]
[Round "09"]
[TimeControl "180+1"]
[Date "2022.04.19"]
[WhiteClock "0:00:09"]
[BlackClock "0:01:04"]

1. e4 c5 2. Nf3 g6 3. Bc4 Bg7 4. O-O Nc6 5. Re1 e6 6. d3 Nge7 7. e5 d6 8. exd6 Qxd6 9. Nc3 b6 10. Ne4 Qc7 11. Bg5 O-O 12. Nf6+ Kh8 13. Qd2 Nf5 14. g4 Ncd4 15. Nxd4 Nxd4 16. Re3 Bb7 17. Rh3 Nf3+ 18. Rxf3 Bxf3 19. Qe3 Qc6 20. Qf4 b5 21. Bxb5 Qxb5 22. Qxf3 Qxb2 23. Re1 h6 24. Bh4 c4 25. Re3 cxd3 26. cxd3 Rac8 27. Nd7 Rc1+ 28. Kg2 Qb1 29. Bg3 Rg1+ 30. Kh3 Qf1+ 31. Kh4 g5+ 32. Kh5 Qh3+ 33. Bh4 Qxh4# 0-1


[Site "https://www.chess.com"]

[Event "Titled Tuesday Blitz April 19 Late 2022"]
[White "Sjugirov, Sanan"]
[Black "Naroditsky, Daniel"]
[WhiteFideId "4189302"]
[BlackFideId "2026961"]
[WhiteElo "2602"]
[BlackElo "2608"]
[Result "0-1"]
[Round "09"]
[TimeControl "180+1"]
[Date "2022.04.19"]
[WhiteClock "0:00:01"]
[BlackClock "0:00:11"]

1. e4 c5 2. Nc3 a6 3. g3 b5 4. Bg2 Bb7 5. d3 g6 6. Nge2 Bg7 7. O-O d6 8. f4 Qc7 9. h3 Nd7 10. a3 e6 11. Be3 Ne7 12. Qd2 O-O 13. g4 f5 14. Ng3 d5 15. exd5 exd5 16. d4 c4 17. Rae1 Nf6 18. Qd1 Ne4 19. Bxe4 dxe4 20. gxf5 Nxf5 21. Nxf5 gxf5 22. Kh2 Rad8 23. Rg1 Kh8 24. Ne2 Rd6 25. Rg3 Rff6 26. Reg1 Rg6 27. c3 Qf7 28. Qe1 Bf6 29. R3g2 Bd5 30. Qf2 Be7 31. Qe1 Qg7 32. Rxg6 Rxg6 33. Rxg6 hxg6 34. Bf2 Qh6 35. Bg3 Qh5 36. Qf2 Bf6 37. Ng1 Qd1 38. Qe2 Qb1 39. Qf2 Qd3 40. Qe2 e3 0-1


[Site "https://www.chess.com"]

[Event "Titled Tuesday Blitz April 19 Late 2022"]
[White "Sliwicki, Damian"]
[Black "Karttunen, Mika"]
[WhiteFideId "1127128"]
[BlackFideId "502081"]
[WhiteElo "2084"]
[BlackElo "2343"]
[Result "0-1"]
[Round "09"]
[TimeControl "180+1"]
[Date "2022.04.19"]
[WhiteClock "0:00:36"]
[BlackClock "0:00:13"]

1. e4 e6 2. d4 d5 3. Nc3 Bb4 4. Qd3 dxe4 5. Qxe4 Nf6 6. Qh4 c5 7. dxc5 Qa5 8. Bd2 Nd5 9. Bb5+ Bd7 10. Bxd7+ Nxd7 11. Nge2 Qxc5 12. O-O Nxc3 13. Nxc3 Bxc3 14. Bxc3 O-O 15. Bb4 Qxc2 16. Bxf8 Nxf8 17. Qb4 b6 18. Rac1 Qe2 19. Rc7 Ng6 20. g3 h5 21. Qc4 Qxb2 22. a4 Rf8 23. Rxa7 h4 24. Qb5 Qd2 25. Qxb6 Ne5 26. Qe3 Qd5 27. f4 Ng4 28. Qb6 Qd2 29. Rf2 Nxf2 30. Qxf2 Qd1+ 31. Kg2 Qg4 32. Ra5 h3+ 33. Kg1 Rd8 34. Re5 Qd1+ 35. Re1 Qxa4 36. Qe3 Rd1 37. Kf2 Rxe1 38. Kxe1 Qa1+ 39. Kf2 Qh1 40. Qf3 Qxh2+ 41. Kf1 Qg2+ 42. Qxg2 hxg2+ 43. Kxg2 Kh7 44. Kf3 Kg6 45. g4 Kf6 46. Ke4 Ke7 47. g5 Kd6 48. Kd4 f6 49. gxf6 gxf6 50. Ke3 Kd5 51. Kd3 f5 52. Ke3 Kc4 53. Kf3 Kd4 54. Kg2 Ke4 55. Kg3 Ke3 56. Kg2 Kxf4 57. Kf1 e5 58. Ke1 e4 59. Kf1 e3 60. Ke1 Ke4 61. Kf1 Kd3 62. Ke1 e2 63. Kf2 Kd2 64. Kf3 e1=Q 65. Kg2 Qe4+ 66. Kh3 Qg4+ 67. Kh2 f4 68. Kh1 Ke2 69. Kh2 Kf2 0-1


[Site "https://www.chess.com"]

[Event "Titled Tuesday Blitz April 19 Late 2022"]
[White "Sowa, Ryan"]
[Black "Urazayev, Arystanbek"]
[WhiteFideId "30901693"]
[BlackFideId "13709810"]
[WhiteElo "2632"]
[BlackElo "2422"]
[Result "0-1"]
[Round "09"]
[TimeControl "180+1"]
[Date "2022.04.19"]
[WhiteClock "0:01:17"]
[BlackClock "0:01:16"]

1. Nf3 Nf6 2. c4 g6 3. Nc3 Bg7 4. e4 d6 5. d4 O-O 6. Be2 Bg4 7. O-O Nfd7 8. Be3 Nc6 9. Qd2 Bxf3 10. Bxf3 e5 11. d5 Nd4 12. Bd1 f5 13. exf5 Nxf5 14. Bg5 Bf6 15. Bxf6 Qxf6 16. Ne4 Qh4 17. f3 Nd4 18. Qg5 Qxg5 19. Nxg5 Nc5 20. Ne4 Nxe4 21. fxe4 Rxf1+ 22. Kxf1 Rf8+ 23. Kg1 Rf4 24. Rc1 Rxe4 25. c5 dxc5 26. Kf2 Rf4+ 27. Ke1 b6 28. b4 c4 29. g3 Re4+ 30. Kf2 b5 31. a4 a6 32. axb5 axb5 33. Ra1 c3 34. Ra7 c2 35. Bxc2 Re2+ 36. Kf1 Rxc2 37. d6 cxd6 38. Rg7+ Kxg7 39. Kg1 e4 40. h3 e3 41. Kf1 Nf3 42. g4 Rf2# 0-1


[Site "https://www.chess.com"]

[Event "Titled Tuesday Blitz April 19 Late 2022"]
[White "Spata, German"]
[Black "Petrovic, Aleksa"]
[WhiteFideId "113026"]
[BlackFideId "967629"]
[WhiteElo "2238"]
[BlackElo "2198"]
[Result "0-1"]
[Round "09"]
[TimeControl "180+1"]
[Date "2022.04.19"]
[WhiteClock "0:00:03"]
[BlackClock "0:00:26"]

1. d3 d5 2. g3 Bg4 3. h3 Bh5 4. Bg2 Nf6 5. Nf3 Nbd7 6. O-O c6 7. c4 e6 8. cxd5 cxd5 9. Bg5 Be7 10. Qb3 Nc5 11. Qb5+ Qd7 12. Qxd7+ Nfxd7 13. Bxe7 Bxf3 14. Bxc5 Bxg2 15. Kxg2 Nxc5 16. Rc1 Na6 17. Nc3 Kd7 18. Nb5 Rhc8 19. Rc3 Nc7 20. Nxc7 Rxc7 21. Rxc7+ Kxc7 22. Rc1+ Kd7 23. Kf3 Rc8 24. Rxc8 Kxc8 25. Kf4 Kd7 26. g4 Kd6 27. d4 Ke7 28. g5 f6 29. h4 Kf7 30. gxf6 gxf6 31. f3 h5 32. e4 dxe4 33. fxe4 Ke7 34. e5 Kf7 35. a4 a5 36. b3 b6 37. exf6 Kxf6 38. Ke4 Kf7 39. Ke5 Ke7 40. Ke4 Kd6 41. Kf4 Kd5 42. Kg5 Kxd4 43. Kxh5 e5 44. Kg4 e4 45. h5 e3 46. h6 e2 47. h7 e1=Q 48. h8=Q+ Kc5 49. Qb2 Qg1+ 50. Kf3 Qd4 51. Qc2+ Kb4 52. Ke2 Qc3 0-1


[Site "https://www.chess.com"]

[Event "Titled Tuesday Blitz April 19 Late 2022"]
[White "Tanenbaum, Zachary"]
[Black "Foisor, Sabina-Francesca"]
[WhiteFideId "2060850"]
[BlackFideId "1212915"]
[WhiteElo "2168"]
[BlackElo "2243"]
[Result "1-0"]
[Round "09"]
[TimeControl "180+1"]
[Date "2022.04.19"]
[WhiteClock "0:00:25"]
[BlackClock "0:00:01"]

1. e4 c6 2. d4 d5 3. exd5 cxd5 4. Bd3 g6 5. c3 Bg7 6. Bf4 Nf6 7. Nf3 O-O 8. O-O a6 9. a4 Nc6 10. Nbd2 Bg4 11. h3 Be6 12. Re1 Qc8 13. Qc2 Bf5 14. Bxf5 Qxf5 15. Qxf5 gxf5 16. a5 e6 17. Ne5 Rac8 18. f3 Nxe5 19. Bxe5 Nd7 20. Bd6 Rfe8 21. Nb3 Bf8 22. Bf4 Rc6 23. Kf2 Bd6 24. Bxd6 Rxd6 25. f4 Nf6 26. Nc5 Ne4+ 27. Ke3 Rc6 28. Nd3 f6 29. g4 fxg4 30. hxg4 b6 31. Nb4 Rd6 32. axb6 Rxb6 33. Rxa6 Rxa6 34. Nxa6 Ra8 35. Nc7 Rb8 36. Re2 Kf7 37. f5 exf5 38. gxf5 Nd6 39. Nxd5 Nxf5+ 40. Kd3 h5 41. Rf2 Kg6 42. Nf4+ Kg5 43. Nxh5 Nh4 44. Nxf6 Nf5 45. Ne4+ Kg6 46. b4 Rh8 47. b5 Ne7 48. Rf3 Ra8 49. c4 Ra3+ 50. Nc3 Nf5 51. c5 Rb3 52. Kc4 Rb1 53. b6 Kf6 54. c6 Rxb6 55. Nd5+ Ke6 56. Nxb6 Nd6+ 57. Kb4 1-0


[Site "https://www.chess.com"]

[Event "Titled Tuesday Blitz April 19 Late 2022"]
[White "Timofeev, Artyom"]
[Black "Esipenko, Andrey"]
[WhiteFideId "4140419"]
[BlackFideId "24175439"]
[WhiteElo "2594"]
[BlackElo "2617"]
[Result "0-1"]
[Round "09"]
[TimeControl "180+1"]
[Date "2022.04.19"]
[WhiteClock "0:00:04"]
[BlackClock "0:00:07"]

1. e4 e5 2. Nf3 Nc6 3. Nc3 Bb4 4. Bc4 d6 5. d3 Be6 6. Bb5 Ne7 7. Ng5 a6 8. Ba4 b5 9. Nxe6 fxe6 10. Bb3 Nd4 11. O-O O-O 12. Be3 Nxb3 13. axb3 Nc6 14. Ne2 Bc5 15. Qd2 Qe7 16. c3 d5 17. b4 Bd6 18. Bg5 Qf7 19. Bh4 a5 20. bxa5 Nxa5 21. Qc2 c5 22. Bg3 c4 23. Rad1 Rad8 24. d4 Nc6 25. h3 Qg6 26. dxe5 Bxe5 27. f4 Bd6 28. f5 exf5 29. exf5 Qf7 30. Bxd6 Rxd6 31. Nd4 Ne5 32. Rde1 Nd3 33. Re3 b4 34. Qe2 bxc3 35. bxc3 Qf6 36. Kh2 h6 37. Kh1 Rb6 38. Qg4 Qg5 39. Qxg5 hxg5 40. Rg3 Ra6 41. Rxg5 Ra3 42. f6 Rf7 43. Ne6 Ra6 44. Nxg7 Kf8 45. Rxd5 Rfxf6 46. Nf5 Kf7 47. Rd4 Ra2 48. Kg1 Ne5 49. Re4 Ra5 50. g4 Kg6 51. Nh4+ Kg5 52. Rxf6 Kxf6 53. Nf5 Ra3 54. Ne3 Ra2 55. Nxc4 Nf3+ 56. Kf1 Kg5 57. Re3 Kf4 58. Rd3 Kg3 59. Nd2 Ra1+ 60. Ke2 Re1# 0-1


[Site "https://www.chess.com"]

[Event "Titled Tuesday Blitz April 19 Late 2022"]
[White "Tregubov, Pavel V."]
[Black "Petrovskyi, Vadym"]
[WhiteFideId "4115341"]
[BlackFideId "14165210"]
[WhiteElo "2341"]
[BlackElo "2400"]
[Result "0-1"]
[Round "09"]
[TimeControl "180+1"]
[Date "2022.04.19"]
[WhiteClock "0:00:04"]
[BlackClock "0:01:12"]

1. e4 c5 2. Nf3 d6 3. Bb5+ Bd7 4. Bxd7+ Qxd7 5. O-O Nf6 6. Re1 Nc6 7. c3 e6 8. d4 cxd4 9. cxd4 d5 10. e5 Ne4 11. Nbd2 Nxd2 12. Bxd2 Be7 13. Rc1 O-O 14. h4 Rfc8 15. Bg5 h6 16. Bxe7 Nxe7 17. Qb3 h5 18. Qa3 b6 19. Qd6 Qe8 20. Qb4 Nf5 21. a4 Rc6 22. Rc3 Rxc3 23. bxc3 Rc8 24. a5 Rc4 25. Qa3 b5 26. Rb1 a6 27. Rb4 Rc6 28. Rb3 Qc8 29. Ne1 Nxh4 30. Nd3 Nf5 31. Nc5 h4 32. Qc1 Rxc5 33. dxc5 Qxc5 34. Qf4 Qc7 35. Ra3 f6 36. Ra1 fxe5 37. Qd2 e4 38. Re1 Qxa5 39. f3 e3 40. Qd3 d4 41. Rc1 Qa3 42. Rc2 Qb3 43. Qe4 dxc3 0-1


[Site "https://www.chess.com"]

[Event "Titled Tuesday Blitz April 19 Late 2022"]
[White "Tristan, Leonardo"]
[Black "Lock, Gavin R"]
[WhiteFideId "113816"]
[BlackFideId "408646"]
[WhiteElo "2404"]
[BlackElo "2104"]
[Result "1-0"]
[Round "09"]
[TimeControl "180+1"]
[Date "2022.04.19"]
[WhiteClock "0:01:54"]
[BlackClock "0:00:01"]

1. d4 d5 2. Nf3 Nf6 3. Bf4 e6 4. e3 Bd6 5. Bg3 O-O 6. c4 dxc4 7. Bxc4 c5 8. dxc5 Bxc5 9. Nc3 Nc6 10. O-O a6 11. Qe2 b5 12. Bd3 Bb7 13. Rac1 Qb6 14. Ne4 Nxe4 15. Bxe4 Rac8 16. Bxh7+ Kxh7 17. Qc2+ Kg8 18. Qxc5 Qxc5 19. Rxc5 Nb4 20. Bd6 Nd3 21. Rg5 Rfd8 22. Be7 Rd5 23. Rg4 f5 24. Rg3 Kf7 25. Bh4 Rc2 26. Ng5+ Kg8 27. Nxe6 Rd7 28. Bf6 Rc6 29. Nxg7 Rxf6 30. Nh5+ Kf7 31. Nxf6 Kxf6 32. Rd1 Bc6 33. b3 Nb4 34. Rxd7 Bxd7 35. a3 Nc2 36. Rh3 Nxa3 37. Rh6+ Ke5 38. Rxa6 b4 39. f3 Nc2 40. Ra5+ Kf6 41. Kf2 Be6 42. Ra6 Ke5 43. Rc6 Bd5 44. Rxc2 1-0


[Site "https://www.chess.com"]

[Event "Titled Tuesday Blitz April 19 Late 2022"]
[White "Vlassov, Nikolai"]
[Black "Ibarra Jerez, Jose Carlos"]
[WhiteFideId "4103360"]
[BlackFideId "2226332"]
[WhiteElo "2407"]
[BlackElo "2626"]
[Result "1-0"]
[Round "09"]
[TimeControl "180+1"]
[Date "2022.04.19"]
[WhiteClock "0:00:05"]
[BlackClock "0:00:06"]

1. e4 c5 2. c3 Nf6 3. e5 Nd5 4. d4 cxd4 5. cxd4 d6 6. Bc4 Nb6 7. Bb3 dxe5 8. Qh5 e6 9. dxe5 Nc6 10. Nc3 g6 11. Qg5 Be7 12. Qg3 Nd4 13. Nf3 Nf5 14. Qf4 Qd3 15. Qe4 Qxe4+ 16. Nxe4 O-O 17. O-O Kg7 18. Bg5 Bxg5 19. Nfxg5 Bd7 20. Rfd1 Bc6 21. Nf6 h6 22. Nge4 Rfd8 23. f4 a5 24. a3 a4 25. Ba2 Rac8 26. Kf2 Bxe4 27. Rxd8 Rxd8 28. Nxe4 Rd4 29. Re1 Nd5 30. g3 b5 31. Bxd5 exd5 32. Nf6 g5 33. fxg5 hxg5 34. Rc1 Rd2+ 35. Kf3 Ne7 36. Kg4 Ng6 37. Kxg5 Nxe5 38. Nh5+ Kf8 39. h4 Rf2 40. Nf4 d4 41. Rc5 Nf3+ 42. Kf6 Ke8 43. Rd5 Rxb2 44. h5 Rh2 45. g4 Rh4 46. Kf5 Ke7 47. Rxb5 Rh2 48. Rb7+ Kd6 49. Rxf7 Rf2 50. h6 Nh4+ 51. Kg5 Nf3+ 52. Kh5 Ne5 53. Rf6+ Ke7 54. Nd5+ Kd7 55. Rxf2 Kd6 56. h7 Kxd5 57. h8=Q d3 58. Rf5 1-0


[Site "https://www.chess.com"]

[Event "Titled Tuesday Blitz April 19 Late 2022"]
[White "Vujic, Mihailo"]
[Black "Solon, Nathan"]
[WhiteFideId "918873"]
[BlackFideId "2017229"]
[WhiteElo "2256"]
[BlackElo "2559"]
[Result "1/2-1/2"]
[Round "09"]
[TimeControl "180+1"]
[Date "2022.04.19"]
[WhiteClock "0:00:07"]
[BlackClock "0:00:17"]

1. e4 c5 2. c3 Nf6 3. e5 Nd5 4. Nf3 d6 5. d4 cxd4 6. cxd4 Nc6 7. Bc4 Nb6 8. Bb3 dxe5 9. d5 Na5 10. Nc3 Nxb3 11. Qxb3 e6 12. Nxe5 exd5 13. Be3 Bd6 14. Qb5+ Kf8 15. Nf3 Be6 16. O-O Qd7 17. Bxb6 axb6 18. Qxb6 h5 19. Rad1 Rh6 20. Qd4 Rd8 21. Ne5 Qc7 22. Nb5 Bxe5 23. Nxc7 Bxd4 24. Rxd4 Rd7 25. Nb5 Rg6 26. Rfd1 Rg4 27. Nc3 Rxd4 28. Rxd4 Ke7 29. f4 g6 30. Kf2 Kd6 31. Ke3 Kc5 32. b4+ Kd6 33. Ne4+ Ke7 34. Nc5 Rc7 35. a4 b6 36. Nb3 Rc3+ 37. Rd3 Rc4 38. Nd4 Bd7 39. a5 Rxb4 40. axb6 Rxb6 41. Nf3 Kd6 42. Ne5 Ke6 43. Nxd7 Kxd7 44. Rxd5+ Ke6 45. Rd2 Rb3+ 46. Kf2 Kf5 47. g3 Kg4 48. Kg2 Kf5 49. h3 Ra3 50. Re2 f6 51. Rc2 Ke4 52. Rc4+ Kf5 53. Rc5+ Ke6 54. Rc6+ Kf5 55. Rc2 Rb3 56. Rc5+ Ke6 57. Rc6+ Kf5 58. Rc5+ Ke4 59. Rc4+ Kd5 60. Rc2 Rd3 61. Re2 f5 62. Kf2 Kd6 63. Re3 Rxe3 64. Kxe3 Kc5 65. Kd3 Kd5 66. h4 Kc5 67. Kc3 Kd5 68. Kd3 Kc5 69. Kc3 Kd5 70. Kd3 1/2-1/2


[Site "https://www.chess.com"]

[Event "Titled Tuesday Blitz April 19 Late 2022"]
[White "Vusatiuk, Vladimir"]
[Black "Karwowski, Kacper"]
[WhiteFideId "14118610"]
[BlackFideId "1126032"]
[WhiteElo "2157"]
[BlackElo "2261"]
[Result "1-0"]
[Round "09"]
[TimeControl "180+1"]
[Date "2022.04.19"]
[WhiteClock "0:00:05"]
[BlackClock "0:00:01"]

1. d4 d5 2. c4 c6 3. cxd5 cxd5 4. Bf4 Nf6 5. e3 Nc6 6. Nc3 e6 7. Bd3 Bd6 8. Bxd6 Qxd6 9. f4 O-O 10. Nf3 b6 11. O-O Nb4 12. Bb1 a5 13. Ne5 Ba6 14. Rf3 Nc6 15. Rh3 g6 16. Qe1 Kg7 17. Qh4 h5 18. Rg3 Ne7 19. e4 dxe4 20. Qxf6+ Kxf6 21. Nxe4+ Kg7 22. Nxd6 Rad8 23. Nexf7 Rxf7 24. Nxf7 Kxf7 25. Bd3 Bb7 26. Rd1 Nd5 27. Bxg6+ Kf6 28. Bxh5 Nxf4 29. Bf3 Bxf3 30. Rxf3 Kg5 31. g3 Ne2+ 32. Kf2 Nxd4 33. Rb3 b5 34. Rxb5+ Kf6 35. Rxa5 e5 36. Ra6+ Kf5 37. Kg2 Rc8 38. Rf1+ Ke4 39. Rf2 Rc1 40. Ra5 Rb1 41. b3 Rc1 42. Ra8 Ra1 43. Re8 Kd5 44. Rd8+ Ke4 45. Rh8 Rb1 46. Rh4+ Kd5 47. Rd2 Ra1 48. Kf2 1-0


[Site "https://www.chess.com"]

[Event "Titled Tuesday Blitz April 19 Late 2022"]
[White "Wu, Derek"]
[Black "Avramidou, Anastasia"]
[WhiteFideId "30914558"]
[BlackFideId "4239873"]
[WhiteElo "2657"]
[BlackElo "2515"]
[Result "0-1"]
[Round "09"]
[TimeControl "180+1"]
[Date "2022.04.19"]
[WhiteClock "0:00:19"]
[BlackClock "0:00:14"]

1. Nf3 Nf6 2. d4 e6 3. c4 Bb4+ 4. Nbd2 O-O 5. a3 Be7 6. e4 d5 7. e5 Nfd7 8. cxd5 exd5 9. Bd3 c5 10. O-O cxd4 11. Nxd4 Nxe5 12. Bxh7+ Kxh7 13. Qh5+ Kg8 14. Qxe5 Bf6 15. Qf4 Nc6 16. N2f3 Nxd4 17. Nxd4 Re8 18. Nf5 Be5 19. Qf3 Qf6 20. Ne3 Qxf3 21. gxf3 Be6 22. Ng4 Bxg4 23. fxg4 Rac8 24. Rd1 d4 25. Bd2 Rc2 26. b4 d3 27. Rab1 Bd4 28. Rb3 Re2 29. Rxd3 Bb6 30. Be3 Bxe3 31. Rxe3 Rxf2 32. Rh3 g6 33. Rd8+ Kg7 34. Rd7 Rg2+ 35. Kf1 Rcf2+ 36. Ke1 Rb2 37. Rf3 Rb1+ 0-1


[Site "https://www.chess.com"]

[Event "Titled Tuesday Blitz April 19 Late 2022"]
[White "Yang, Cayden"]
[Black "Jimenez Fernandez, Rebeca"]
[WhiteFideId "30967260"]
[BlackFideId "32070934"]
[WhiteElo "2468"]
[BlackElo "1853"]
[Result "1-0"]
[Round "09"]
[TimeControl "180+1"]
[Date "2022.04.19"]
[WhiteClock "0:01:02"]
[BlackClock "0:00:01"]

1. e4 g6 2. d4 Bg7 3. Nc3 d6 4. f4 a6 5. Nf3 b5 6. Bd3 Nf6 7. e5 dxe5 8. fxe5 Nd5 9. O-O O-O 10. Ne4 Bb7 11. Qe1 Nd7 12. Qh4 c5 13. Bh6 cxd4 14. Neg5 N5f6 15. Bxg7 Kxg7 16. exf6+ Nxf6 17. Rae1 e6 18. Rxe6 Nh5 19. Ree1 h6 20. Ne4 Qxh4 21. Nxh4 f5 22. Nd6 Bd5 23. Re7+ Kf6 24. Rfe1 1-0


[Site "https://www.chess.com"]

[Event "Titled Tuesday Blitz April 19 Late 2022"]
[White "Adewumi, Tanitoluwa"]
[Black "Leiva, Gianmarco"]
[WhiteFideId "30966396"]
[BlackFideId "3804399"]
[WhiteElo "2545"]
[BlackElo "2323"]
[Result "0-1"]
[Round "10"]
[TimeControl "180+1"]
[Date "2022.04.19"]
[WhiteClock "0:00:03"]
[BlackClock "0:00:04"]

1. e4 c5 2. Nf3 d6 3. Bb5+ Bd7 4. Bxd7+ Qxd7 5. c4 g6 6. Nc3 Bg7 7. d4 cxd4 8. Nxd4 Nf6 9. f3 O-O 10. Be3 Rc8 11. b3 a6 12. O-O b5 13. Nd5 Qd8 14. Rc1 bxc4 15. bxc4 Nbd7 16. Qa4 Nc5 17. Qa3 Nfd7 18. Rfd1 e6 19. Nb4 Ne5 20. Nb3 Nxe4 21. c5 a5 22. Nd3 Nc3 23. Rxc3 Nxf3+ 24. gxf3 Bxc3 25. cxd6 Qf6 26. Kg2 Bb4 27. Qa4 Bxd6 28. Qe4 Rc2+ 29. Rd2 Rac8 30. Nxa5 Rxd2+ 31. Bxd2 Rc2 32. Nb3 Rxd2+ 33. Nxd2 Qg5+ 34. Kh3 Qxd2 35. f4 g5 36. Qg2 Qxd3+ 37. Qg3 Qf5+ 38. Kg2 Bxf4 39. Qf3 g4 40. Qa8+ Kg7 41. a4 Qc2+ 42. Kf1 Qd1+ 43. Kf2 Qd2+ 44. Kf1 Be3 0-1


[Site "https://www.chess.com"]

[Event "Titled Tuesday Blitz April 19 Late 2022"]
[White "Ahmadzada, Ahmad"]
[Black "Arabidze, Meri"]
[WhiteFideId "13413007"]
[BlackFideId "13604040"]
[WhiteElo "2228"]
[BlackElo "2335"]
[Result "0-1"]
[Round "10"]
[TimeControl "180+1"]
[Date "2022.04.19"]
[WhiteClock "0:00:03"]
[BlackClock "0:00:17"]

1. Nf3 b6 2. g3 Bb7 3. Bg2 Nf6 4. O-O g6 5. c4 Bg7 6. Nc3 O-O 7. d3 c5 8. e4 d6 9. Ne1 Nc6 10. f4 e6 11. g4 Nd4 12. e5 Bxg2 13. exf6 Bxf1 14. fxg7 Kxg7 15. Kxf1 Qh4 16. Kg2 f5 17. g5 h6 18. Nf3 Qg4+ 19. Kf2 hxg5 20. Nxg5 Qh4+ 21. Kg2 Rh8 22. h3 e5 23. Nd5 Rae8 24. Kh1 exf4 25. Bxf4 Re2 26. Qf1 Rhe8 27. Nf3 Nxf3 28. Qxf3 Re1+ 29. Rxe1 Qxe1+ 0-1


[Site "https://www.chess.com"]

[Event "Titled Tuesday Blitz April 19 Late 2022"]
[White "Aigner, Michael"]
[Black "Nozdrachev, Leonid"]
[WhiteFideId "2017288"]
[BlackFideId "24113433"]
[WhiteElo "2407"]
[BlackElo "2242"]
[Result "0-1"]
[Round "10"]
[TimeControl "180+1"]
[Date "2022.04.19"]
[WhiteClock "0:00:07"]
[BlackClock "0:00:05"]

1. e4 c6 2. Nc3 e5 3. Nf3 Bb4 4. Bc4 d6 5. O-O Nf6 6. d3 O-O 7. Ne2 Be6 8. Ng3 Nbd7 9. a3 Ba5 10. Be3 d5 11. Ba2 h6 12. b4 Bb6 13. c3 Bxe3 14. fxe3 dxe4 15. dxe4 Bxa2 16. Rxa2 Nb6 17. Qb3 Qd3 18. Re2 Rae8 19. Rd1 Qc4 20. Qc2 Re7 21. h3 Rd7 22. Red2 Rfd8 23. Rxd7 Rxd7 24. Nxe5 Rxd1+ 25. Qxd1 Qxc3 26. Qd8+ Kh7 27. Nxf7 Qxe3+ 28. Kh2 Qf4 29. Qd6 Ng4+ 30. hxg4 Qxf7 31. Nf5 Nc4 32. Qd3 Ne5 33. Qg3 Qf6 34. Ne3 Qg5 35. Kh3 b6 36. Nf5 Ng6 37. Qd6 Qf6 38. Qxf6 gxf6 39. Nd6 a5 40. bxa5 bxa5 41. Kg3 Ne5 42. Kf4 Kg6 43. g3 a4 44. Nb7 Nd7 45. Na5 c5 46. Nc4 Kf7 47. Nb2 Nb6 48. Ke3 Ke6 49. Kd3 Ke5 50. Ke3 c4 51. Nd1 Ke6 52. Nc3 Ke5 53. Nd1 Nd7 54. Nc3 Nc5 55. Kf3 Kd4 56. Nb5+ Kd3 57. Kf4 c3 58. Nxc3 Kxc3 59. Kf5 Kb3 60. Kxf6 Nxe4+ 61. Kf5 Nxg3+ 62. Kg6 Nf1 63. Kxh6 Nh2 64. g5 Nf3 65. g6 Nh4 66. g7 Nf5+ 67. Kg6 Nxg7 68. Kxg7 Kxa3 69. Kf6 Kb2 70. Ke5 a3 0-1


[Site "https://www.chess.com"]

[Event "Titled Tuesday Blitz April 19 Late 2022"]
[White "Andreikin, Dmitry"]
[Black "Naroditsky, Daniel"]
[WhiteFideId "4158814"]
[BlackFideId "2026961"]
[WhiteElo "2736"]
[BlackElo "2608"]
[Result "1-0"]
[Round "10"]
[TimeControl "180+1"]
[Date "2022.04.19"]
[WhiteClock "0:01:07"]
[BlackClock "0:01:06"]

1. d4 Nf6 2. c4 g6 3. Nc3 Bg7 4. e4 d6 5. h3 O-O 6. Be3 e5 7. d5 Na6 8. Bd3 Nc5 9. Bc2 a5 10. Nge2 Nh5 11. Qd2 f5 12. exf5 gxf5 13. O-O-O Nf6 14. g4 e4 15. gxf5 Bxf5 16. Rdg1 Kh8 17. Rg5 Bg6 18. Nf4 Bf7 19. Rhg1 Bh6 20. Rf5 Nd3+ 21. Bxd3 exd3 22. Bd4 Be8 23. Ne4 1-0


[Site "https://www.chess.com"]

[Event "Titled Tuesday Blitz April 19 Late 2022"]
[White "Avramidou, Anastasia"]
[Black "Djokic, Mihailo"]
[WhiteFideId "4239873"]
[BlackFideId "976440"]
[WhiteElo "2183"]
[BlackElo "2202"]
[Result "1-0"]
[Round "10"]
[TimeControl "180+1"]
[Date "2022.04.19"]
[WhiteClock "0:00:05"]
[BlackClock "0:00:08"]

1. d4 Nf6 2. c4 g6 3. Nc3 Bg7 4. e4 d6 5. Be3 O-O 6. h3 Nc6 7. d5 Ne5 8. f4 Ned7 9. Nf3 Nc5 10. Bd3 a5 11. O-O c6 12. Bc2 cxd5 13. cxd5 Nfd7 14. Qd2 b6 15. Kh1 Ba6 16. Rf2 Rc8 17. Re1 Nf6 18. e5 Nfd7 19. Bd4 b5 20. Ne4 Nxe4 21. Bxe4 b4 22. Bb1 Bb7 23. e6 Nf6 24. exf7+ Rxf7 25. Ng5 Bxd5 26. Nxf7 Bxf7 27. Rfe2 e5 28. fxe5 Nh5 29. e6 Be8 30. Bxg7 Ng3+ 31. Kh2 Nxe2 32. Bh6 Bb5 33. e7 Qxe7 34. Qd5+ Qf7 35. Qxb5 Nd4 36. Qd3 Nf5 37. Bf4 Rc4 38. Rf1 Rd4 39. Qe2 Kg7 40. b3 Qd5 41. Bc1 Kg8 42. Bxf5 gxf5 43. Bb2 Rd2 44. Qe8# 1-0


[Site "https://www.chess.com"]

[Event "Titled Tuesday Blitz April 19 Late 2022"]
[White "Barria Zuniga, Daniel"]
[Black "Zhou, Qiyu"]
[WhiteFideId "3400816"]
[BlackFideId "505161"]
[WhiteElo "2414"]
[BlackElo "1925"]
[Result "1-0"]
[Round "10"]
[TimeControl "180+1"]
[Date "2022.04.19"]
[WhiteClock "0:02:04"]
[BlackClock "0:02:14"]

1. c4 e5 2. g3 Nc6 3. Bg2 Bc5 4. Nc3 a5 5. e3 d6 6. Nge2 Ba7 7. Nb5 Nge7 8. O-O O-O 9. a3 Be6 10. b3 f5 11. d4 Bf7 12. Nxa7 Rxa7 13. Nc3 Ra8 14. f4 e4 15. d5 Nb8 16. Nb5 Nd7 17. Bb2 Nc5 18. Qd4 1-0


[Site "https://www.chess.com"]

[Event "Titled Tuesday Blitz April 19 Late 2022"]
[White "Blackman, Justin"]
[Black "Carrasco Miranda, Andres"]
[WhiteFideId "11100516"]
[BlackFideId "3405990"]
[WhiteElo "2112"]
[BlackElo "2177"]
[Result "0-1"]
[Round "10"]
[TimeControl "180+1"]
[Date "2022.04.19"]
[WhiteClock "0:00:17"]
[BlackClock "0:00:09"]

1. e4 c5 2. Nf3 d6 3. b3 Nf6 4. Nc3 g6 5. Bb2 Bg7 6. Bb5+ Bd7 7. Bd3 Nc6 8. O-O O-O 9. Re1 e5 10. Bc4 Nd4 11. h3 Rb8 12. a4 a6 13. Nd5 b5 14. Nxf6+ Bxf6 15. axb5 axb5 16. Bd5 Be6 17. Bxd4 cxd4 18. Bxe6 fxe6 19. Qe2 Rb7 20. Ra2 Qc7 21. Rea1 Bd8 22. Ne1 Qf7 23. Nd3 Bb6 24. b4 Qe8 25. Qg4 Kg7 26. Kh2 Rbf7 27. Ra6 Bc7 28. Ra7 d5 29. Rb7 Qc6 30. Raa7 dxe4 31. Nc5 e3 32. dxe3 e4+ 33. Rxc7 Rxc7 34. Rxc7+ Qxc7+ 35. Kg1 Rf6 36. Qxe4 dxe3 37. Qxe3 Qd6 38. c3 Qd5 39. f4 h5 40. Kh2 Kf7 41. Nd3 Rf5 42. Ne5+ Rxe5 43. fxe5 Qc4 44. Kg3 Kg7 45. Qd4 Qf1 46. Qd7+ Kh6 47. Qxe6 Qd3+ 48. Kh2 Qxc3 49. Qf6 Qxb4 50. Qf4+ Qxf4+ 0-1


[Site "https://www.chess.com"]